 Dungeon Sprint DCSS version 0.31-a0-460-g9e667d4245 (webtiles) character file.

Game seed: 3739571273930727238

42181023 Midn8 the Middleweight Champion (level 19, 151/151 HPs)
             Began as a Gargoyle Berserker on Aug 5, 2023.
             Was the Champion of Trog.
             Escaped with the Orb
             ... and 10 runes!
             The game lasted 01:03:19 (15069 turns).

Midn8 the Middleweight Champion (GrBe)             Turns: 15069, Time: 01:03:20

Health: 151/151    AC: 61    Str: 30    XL:     19   Next: 37%
Magic:  19/19      EV: 11    Int: 12    God:    Trog [******]
Gold:   3108       SH: 23    Dex:  4    Spells: 18/18 levels left

rFire   + +          .
                       - Unarmed
rCold   + + .        M - +1 tower shield {reflect}
rNeg    + + +        p - +9 plate armour {Will+}
rPois   ∞            v - +2 hat {Will+}
rElec   +            j - +4 dragonskin cloak
rCorr   +            U - +3 Mad Mage's Maulers {Infuse+∞ VampMP -Cast}
SInv    +            g - +2 pair of boots
Will    ++++.        q - dreamshard necklace {Acrobat *Dream} Stlth
                     H - ring "Biup" {Str+3 SInv}
HPRegen 0.45/turn    n - ring "Syzesch" {rF++ rC+ rCorr Int+2 Dex-5}
MPRegen 0.16/turn

%: no teleportation, no spellcasting, reflection, acrobat, infuse magic (19 MP)
@: death-form, flying, studying 2 skills
A: vile attack, torment immunity, no potions, flying, sickness immunity, AC +14,
big wings, negative energy resistance 1, electricity resistance, torment
resistance 1, petrification resistance, iridescent scales 1, wild magic 1
0: Orb of Zot
}: 10/10 runes: serpentine, barnacled, slimy, silver, golden, iron, obsidian,
icy, bone, demonic
a: Siphon Essence, Begin Untransformation, Renounce Religion, Trog's Hand,
Brothers in Arms


You escaped.
You worshipped Trog.
Trog was exalted by your worship.
You were an undying horror.
You visited 1 branch You collected 7978 gold pieces.
You spent 4870 gold pieces at shops.

Inventory:

Missiles
 s - 5 javelins
 w - 7 curare-tipped darts
 B - 5 atropa-tipped darts (quivered)
 C - 5 datura-tipped darts
 E - 30 darts of dispersal
Armour
 g - a +2 pair of boots (worn)
 h - the scarf of Burning the Good {shadows, rC+ Will+ Dex+3}
   (You acquired it in the Dungeon)

   Dex:       It affects your dexterity (+3).
   rC:        It protects you from cold.
   Will:      It increases your willpower.
 j - the +4 dragonskin cloak (worn)
   (You took it off Tiamat in the Dungeon)

   Avatar's Aegis: It grants the wearer a chance to resist fire, cold, poison,
   electricity, acid, and negative energy.
 p - a +9 plate armour of willpower (worn)
 v - a +2 hat of willpower (worn)
 M - a +1 tower shield of reflection (worn)
 N - a +2 kite shield of protection
 U - the +3 Mad Mage's Maulers (worn) {Infuse+∞ VampMP -Cast}
   (You found it in the Dungeon)

   Infuse+∞: It empowers its wearer's blows with all of their magic.
   VampMP:    Blows struck in melee replenish the wearer's magic.
   -Cast:     It prevents spellcasting.
Jewellery
 n - the ring "Syzesch" (right hand) {rF++ rC+ rCorr Int+2 Dex-5}
   (You took it off a centaur warrior in the Dungeon)

   [ring of protection from cold]

   Int:       It affects your intelligence (+2).
   Dex:       It affects your dexterity (-5).
   rF:        It greatly protects you from fire.
   rC:        It protects you from cold.
   rCorr:     It protects you from acid and corrosion.
 q - the dreamshard necklace (around neck) {Acrobat *Dream}
   (You found it in the Dungeon)

   [amulet of the acrobat]

   *Dream:    It absorbs a single lethal wound into itself, holding its wearer
   just short of death and releasing dream-creatures to guard them.
   It increases your evasion while moving and waiting.
 H - the ring "Biup" (left hand) {Str+3 SInv}
   (You took it off a deep elf master archer in the Dungeon)

   [ring of see invisible]

   Str:       It affects your strength (+3).
   SInv:      It lets you see invisible.
 O - a +5 ring of evasion
 P - a ring of willpower
Talismans
 R - a talisman of death (active)
Wands
 o - a wand of charming (9)
 r - a wand of quicksilver (6)
 z - a wand of mindburst (16)
 D - a wand of iceblast (16)
 L - a wand of flame (32)
 Q - a wand of digging (20)
Scrolls
 i - 4 scrolls of poison
 m - 2 scrolls of torment
 y - a scroll of fog
 A - 7 scrolls of enchant weapon
 F - a scroll of vulnerability
 J - 2 scrolls of silence
 S - 4 scrolls of amnesia
 Z - a scroll of identify
Potions
 b - 6 potions of curing
 c - 14 potions of heal wounds
 d - 9 potions of haste
 e - 2 potions of magic
 f - a potion of berserk rage
 k - 8 potions of enlightenment
 l - 4 potions of mutation
 t - 5 potions of attraction
 u - 2 potions of might
 x - a potion of cancellation
 G - a potion of lignification
 K - 2 potions of brilliance
 T - 3 potions of resistance
Miscellaneous
 a - a lightning rod (4/4)
 I - the horn of Geryon
 V - a box of beasts
 W - a phantom mirror
 X - a phial of floods
 Y - a tin of tremorstones (2/2)


   Skills:
 O Level 27 Fighting
 - Level 6.0 Throwing
 - Level 20.0 Armour
 + Level 22.5 Dodging
 O Level 27 Shields
 O Level 27 Unarmed Combat
 O Level 27 Evocations
 - Level 21.0 Shapeshifting


You had 18 spell levels left.
You didn't know any spells.
Your spell library was empty.

Dungeon Overview and Level Annotations

Branches:
Dungeon (1/1)

Altars:
Cheibriados
Dithmenos
Elyvilon
Fedhas
Gozag
Hepliaklqana
Kikubaaqudgha
Makhleb
Nemelex Xobeh
Okawaru
Qazlal
Ru
Sif Muna
Trog
Uskayaw
Vehumet
Wu Jian
Xom
Yredelemnul
Zin
The Shining One
Jiyva
Lugonu

Shops:
D [:??==[![[!![*!?:(**!=[

Annotations:
D exclusion: 4 statues


Innate Abilities, Weirdness & Mutations

You are an undying horror.
Your melee and unarmed attacks drain, slow and weaken victims.
You are immune to unholy pain and torment.
You cannot drink.
You are flying.
You are immune to sickness and miasma.
Your stone body is resilient. (AC +14)
You are immune to poison.
Your large and strong wings let you fly.
You resist negative energy. (rN+)
You are resistant to electric shocks. (rElec)
You are resistant to unholy torment.
You are immune to petrification.
You are partially covered in iridescent scales. (AC +2)
Your spells are a little harder to cast, but a little more powerful.


Message History

Trog accepts your kill.
Your box of beasts has recharged.
(D) Dungeon
Where to? (Enter - D @ (x,y), ? - help)
There is an open door here.
Things that are here:
a +0 robe; a +0 vampiric demon trident
Things that are here:
a +0 plate armour; a +2 battleaxe You see here the +5 dagger of Doysuv {flame, *Slow rF+++ rCorr Stlth+}.
You see here a +7 antimagic trident.
Things that are here:
a +0 ring mail; a +0 club You see here the +5 great sword of Keczu Iru {antimagic, rF- rC+ rN+}.
There is an open door here.
You see here a +0 club.
There is an open door, spattered with blood here.
You see here a +0 scimitar.
There is an open door, spattered with blood here.
You see here a +1 dire flail of distortion.
An Orb Guardian comes into view.
There is an open door here.
You pound the Orb Guardian into fine dust!!!!
You kill the Orb Guardian!
Trog accepts your kill.
(D) Dungeon
Where to? (Enter - D @ (x,y), ? - help)
You see here a +0 orcbow.
There is an open door here.
You see here a +0 quarterstaff of flaming.
There is an open door here.
You see here a +4 antimagic rapier.
There is an open door here.
There is an open door, spattered with blood here.
Things that are here:
a +0 chain mail; a +0 halberd
There is a fountain of clear blue water here.
There is an open door to the Ecumenical Temple here.
There is a staircase leading out of the dungeon here.
You have escaped!

▓▓▓▓▓▓▓▓▓ ▓▓
▓z..#...#### ##.
▓...#......#####..
▓..##.......#..#..
▓##.##.##...#..#..
##.##.###..##'#..
▓#.####.##..###)..
▓.###..##..####...
▓#.....##..###....
###..##...##.....


There were no monsters in sight!

Vanquished Creatures
  Antaeus (D)
  the Royal Jelly (D)
  Gloorx Vloq (D)
  the Serpent of Hell (D)
  Tiamat (D)
  An orb of fire (D)
  An ancient lich (D)
  Dispater (D)
  Mara (D)
  7 royal mummies (D)
  Boris (D)
  Frederick (D)
  A Killer Klown (D)
  Geryon (D)
  2 golden dragons (D)
  Nikola (D)
  Nellie (D)
  A Brimstone Fiend (D)
  An iron giant (D)
  An electric golem (D)
  A pandemonium lord (D)
  A lich (D)
  6 Ice Fiends (D)
  3 Orb Guardians (D)
  3 Hell Sentinels (D)
  Rupert (D)
  3 deep elf blademasters (D)
  A titan (D)
  Murray (D)
  2 quicksilver dragons (D)
  A kraken (D)
  A deep elf master archer (D)
  An ancient champion (D)
  7 acid blobs (D)
  Gastronok (D)
  Harold (D)
  An Executioner (D)
  2 sphinxes (D)
  Chuck (D)
  A storm dragon (D)
  Roxanne (D)
  9 azure jellies (D)
  3 shadow dragons (D)
  A nagaraja (D)
  A fire giant (D)
  3 ghost moths (D)
  An iron dragon (D)
  5 rockslimes (D)
  2 frost giants (D)
  2 draconian scorchers (D)
  2 draconian shifters (D)
  2 draconian stormcallers (D)
  4 war gargoyles (D)
  3 stone giants (D)
  5 quicksilver oozes (D)
  An angel (D)
  2 vampire knights (D)
  Azrael (D)
  A deep elf annihilator (D)
  Nessos (D)
  3 deep elf demonologists (D)
  A yellow draconian (D)
  8 mummy priests (D)
  2 dire elephants (D)
  A fire dragon (D)
  Josephine (D)
  A fire dragon (shapeshifter) (D)
  An iron golem (D)
  3 yaktaur captains (D)
  2 deep elf high priests (D)
  17 vault guards (D)
  2 hydras (D)
  2 hell beasts (D)
  An ogre mage (D)
  3 centaur warriors (D)
  5 anacondas (D)
  An alligator snapping turtle (D)
  A two-headed ogre (shapeshifter) (D)
  4 death yaks (D)
  2 iron elementals (D)
  A naga warrior (D)
  Urug (D)
  2 soul eaters (D)
  2 orc high priests (D)
  2 sun demons (D)
  2 titan zombies (D)
  3 deep elf knights (D)
  A death drake (D)
  9 skeletal warriors (D)
  A shadow wraith (D)
  A golden dragon zombie (D)
  A glowing orange brain (D)
  A spriggan druid (D)
  An orange crystal statue (D)
  3 kraken simulacra (D)
  3 orc knights (D)
  2 obsidian statues (D)
  Joseph (D)
  3 deep elf pyromancers (D)
  A lindwurm (D)
  2 deep elf zephyrmancers (D)
  4 ugly things (D)
  2 oklob plants (D)
  4 crystal guardians (D)
  3 shining eyes (D)
  2 stone giant skeletons (D)
  2 elephants (D)
  A guardian serpent (D)
  3 rust devils (D)
  A moth of wrath (D)
  6 black mambas (D)
  5 statues (D)
  An iron troll simulacrum (D)
  2 cane toads (D)
  A molten gargoyle (D)
  14 yaktaurs (D)
  6 hellions (D)
  A rime drake (D)
  A komodo dragon (D)
  An unseen horror (D)
  2 ice devils (D)
  An anaconda simulacrum (D)
  3 wandering mushrooms (D)
  27 guardian mummies (D)
  4 spriggan defenders (D)
  3 hornets (D)
  A queen bee (D)
  8 blink frogs (D)
  5 snapping turtles (D)
  2 tyrant leeches (D)
  2 jumping spiders (shapeshifter) (D)
  10 slime creatures (D)
  11 shadows (D)
  2 spriggans (D)
  A spriggan (shapeshifter) (D)
  A golden eye (D)
  3 redbacks (D)
  A spatial vortex (D)
  2 nagas (D)
  A hydra simulacrum (D)
  6 floating eyes (D)
  2 water moccasins (D)
  2 orc warriors (D)
  A swamp drake (D)
  A fire dragon simulacrum (D)
  A black mamba simulacrum (D)
  2 centaurs (D)
  An earth elemental (D)
  A necrophage (D)
  A scorpion (D)
  A water elemental (D)
  32 killer bees (D)
  4 electric eels (D)
  8 quasits (D)
  6 orc priests (D)
  A jelly (D)
  A wizard (D)
  A necromancer (D)
  2 orc wizards (D)
  2 wolf simulacra (D)
  3 humans (D)
  A kobold demonologist (D)
  3 adders (D)
  7 orcs (D)
  An endoplasm (D)
  3 rats (D)
  A butterfly (D)
  A tentacle (D)
466 creatures vanquished.

Vanquished Creatures (collateral kills)
  Mennas (D)
  2 orcs (D)
3 creatures vanquished.

Vanquished Creatures (others)
  6 ball lightnings (D)
  2 ballistomycete spores (D)
  11 tentacles (D)
19 creatures vanquished.

Grand Total: 488 creatures vanquished

Notes
Turn   | Place    | Note
-------+----------+-------------------------------------------
     0 | D        | Midn8 the Gargoyle Berserker began the quest for the Orb.
     0 | D        | Reached XP level 1. HP: 14/14 MP: 1/1
    37 | D        | Reached ** piety under Trog
    63 | D        | Noticed a scorpion
    71 | D        | Killed a scorpion
    72 | D        | Reached XP level 2. HP: 20/20 MP: 2/2
    72 | D        | Reached XP level 3. HP: 24/24 MP: 3/3
    72 | D        | Reached XP level 4. HP: 29/29 MP: 4/4
    76 | D        | Reached skill level 5 in Fighting
   144 | D        | Gained mutation: You are partially covered in iridescent
                  | scales. (AC +2) [potion of mutation]
   144 | D        | Gained mutation: Your spells are a little harder to cast,
                  | but a little more powerful. [potion of mutation]
   153 | D        | Noticed a water elemental
   160 | D        | Killed a water elemental
   160 | D        | Reached *** piety under Trog
   161 | D        | Reached skill level 10 in Unarmed Combat
   161 | D        | Reached XP level 5. HP: 8/35 MP: 5/5
   254 | D        | Noticed a human
   255 | D        | Noticed a human
   268 | D        | Killed a human
   269 | D        | Reached XP level 6. HP: 44/44 MP: 6/6
   275 | D        | Killed a human
   328 | D        | Found an ornate altar of the Wu Jian Council.
   329 | D        | Found a hide-covered altar of Uskayaw.
   329 | D        | Found a bloodstained altar of Trog.
   330 | D        | Found an iron altar of Okawaru.
   334 | D        | Found a glowing silver altar of Zin.
   334 | D        | Found a glowing golden altar of the Shining One.
   334 | D        | Found a white marble altar of Elyvilon.
   335 | D        | Noticed a deep elf pyromancer
   346 | D        | Killed a deep elf pyromancer
   347 | D        | Reached XP level 7. HP: 37/54 MP: 7/7
   347 | D        | Reached XP level 8. HP: 41/60 MP: 8/8
   456 | D        | Found a radiant altar of Vehumet.
   456 | D        | Found a shimmering blue altar of Sif Muna.
   456 | D        | Found an ancient bone altar of Kikubaaqudgha.
   459 | D        | Reached **** piety under Trog
   518 | D        | Found a basalt altar of Yredelemnul.
   518 | D        | Found a shadowy altar of Dithmenos.
   518 | D        | Found a sacrificial altar of Ru.
   521 | D        | Reached ***** piety under Trog
   533 | D        | Noticed a shadow
   539 | D        | Killed a shadow
   540 | D        | Reached skill level 15 in Unarmed Combat
   613 | D        | Found a blossoming altar of Fedhas.
   613 | D        | Found a stormy altar of Qazlal.
   614 | D        | Found a snail-covered altar of Cheibriados.
   614 | D        | Found a burning altar of Makhleb.
   614 | D        | Found a hazy altar of Hepliaklqana.
   614 | D        | Found a shimmering altar of Xom.
   614 | D        | Found an opulent altar of Gozag.
   614 | D        | Found a sparkling altar of Nemelex Xobeh.
   614 | D        | Found a corrupted altar of Lugonu.
   614 | D        | Found a viscous altar of Jiyva.
   672 | D        | Noticed Josephine
   685 | D        | Killed Josephine
   685 | D        | Received a gift from Trog
   686 | D        | Reached XP level 9. HP: 65/65 MP: 9/9
   757 | D        | Noticed an orc knight
   760 | D        | Received a gift from Trog
   768 | D        | Killed an orc knight
   772 | D        | Received a gift from Trog
   773 | D        | Noticed an orc high priest
   776 | D        | Found Xinnopt's Jewellery Emporium.
   783 | D        | Killed an orc high priest
   783 | D        | Reached ****** piety under Trog
   851 | D        | Reached XP level 10. HP: 55/75 MP: 10/10
   982 | D        | Bought a ring of protection from fire for 325 gold pieces
   982 | D        | Bought an amulet of guardian spirit for 390 gold pieces
  1087 | D        | Noticed a centaur warrior
  1093 | D        | Killed a centaur warrior
  1095 | D        | Received a gift from Trog
  1156 | D        | Killed an unseen horror
  1179 | D        | Identified the +2 short sword "Heeggumo" {heavy, rPois
                  | Str-4 Dex+3} (Trog gifted it to you in the Dungeon)
  1179 | D        | Received a gift from Trog
  1202 | D        | Reached skill level 10 in Armour
  1209 | D        | Received a gift from Trog
  1248 | D        | Received a gift from Trog
  1288 | D        | Received a gift from Trog
  1398 | D        | Reached XP level 11. HP: 80/80 MP: 9/11
  1424 | D        | Reached skill level 15 in Fighting
  1480 | D        | Received a gift from Trog
  1500 | D        | Noticed a lindwurm
  1503 | D        | Killed a lindwurm
  1527 | D        | Noticed Urug
  1533 | D        | Killed Urug
  1623 | D        | Received a gift from Trog
  1711 | D        | Noticed Rupert
  1723 | D        | Killed Rupert
  1823 | D        | Noticed an azure jelly
  1823 | D        | Noticed an azure jelly
  1823 | D        | Noticed an azure jelly
  1823 | D        | Noticed an azure jelly
  1824 | D        | Noticed a dire elephant
  1824 | D        | Noticed a dire elephant
  1824 | D        | Noticed Gastronok
  1829 | D        | Killed a dire elephant
  1833 | D        | Killed a dire elephant
  1834 | D        | Reached XP level 12. HP: 91/91 MP: 12/12
  1845 | D        | Killed Gastronok
  1845 | D        | Received a gift from Trog
  1916 | D        | Noticed a death yak
  1917 | D        | Noticed a death yak
  1918 | D        | Noticed a death yak
  1921 | D        | Noticed a death yak
  1925 | D        | Killed a death yak
  1932 | D        | Killed a death yak
  1940 | D        | Killed a death yak
  1943 | D        | Killed a death yak
  1943 | D        | Received a gift from Trog
  2077 | D        | Noticed an eight-headed hydra
  2077 | D        | Noticed a five-headed hydra
  2086 | D        | Killed a five-headed hydra
  2090 | D        | Killed an eight-headed hydra
  2090 | D        | Received a gift from Trog
  2177 | D        | Noticed Harold
  2177 | D        | Noticed Joseph
  2185 | D        | Killed Harold
  2186 | D        | Reached skill level 5 in Dodging
  2191 | D        | Killed Joseph
  2249 | D        | Reached skill level 1 in Throwing
  2334 | D        | Received a gift from Trog
  2338 | D        | Identified a scroll of acquirement
  2350 | D        | Reached XP level 13. HP: 100/100 MP: 13/13
  2369 | D        | Noticed a yaktaur captain
  2405 | D        | Bought a ring of ice for 325 gold pieces
  2591 | D        | Identified the +3 quarterstaff of Friendship {antimagic,
                  | rPois Int+4}
  2660 | D        | Found a blossoming altar of Fedhas.
  2670 | D        | Reached skill level 5 in Throwing
  2671 | D        | Received a gift from Trog
  2835 | D        | Killed an azure jelly
  2839 | D        | Killed an azure jelly
  2843 | D        | Killed an azure jelly
  2846 | D        | Killed an azure jelly
  2972 | D        | Received a gift from Trog
  2986 | D        | Received a gift from Trog
  3070 | D        | Noticed a deep elf demonologist
  3071 | D        | Noticed a deep elf demonologist
  3071 | D        | Noticed a deep elf demonologist
  3592 | D        | Identified the +5 great sword of Keczu Iru {antimagic, rF-
                  | rC+ rN+} (Trog gifted it to you in the Dungeon)
  3592 | D        | Received a gift from Trog
  3812 | D        | Found Gilel's Antique Weapon Emporium.
  3812 | D        | Found Qor Firgh's Assorted Antiques.
  3812 | D        | Found Codosch's Magic Scroll Boutique.
  3812 | D        | Found Ruazxe's Antique Armour Shoppe.
  3812 | D        | Found Duradun's Book Boutique.
  3812 | D        | Found Xaufruech's Distillery.
  3812 | D        | Found Ziowaky's Jewellery Shop.
  3812 | D        | Found Feubuym's Assorted Antiques.
  3812 | D        | Found Muicarph's Distillery.
  3812 | D        | Found Ede Taado's Antique Armour Emporium.
  3812 | D        | Found Rohinuzo's General Store.
  3856 | D        | Bought a pair of embroidered boots for 135 gold pieces
  3856 | D        | Bought a buckler for 81 gold pieces
  3867 | D        | Bought a scroll labelled YLEFROGGYO for 22 gold pieces
  3867 | D        | Bought a yellow potion for 19 gold pieces
  3867 | D        | Bought a scroll labelled INURAI PENOIX for 22 gold pieces
  3867 | D        | Bought a scroll labelled GUITRA LIWKANI for 22 gold pieces
  3867 | D        | Bought a scroll labelled PEALUG UGIGYLENAICK for 22 gold
                  | pieces
  3867 | D        | Bought a bubbling yellow potion for 19 gold pieces
  3876 | D        | Bought a potion of might for 40 gold pieces
  3876 | D        | Bought a potion of haste for 100 gold pieces
  3876 | D        | Bought a potion of heal wounds for 50 gold pieces
  3876 | D        | Bought a potion of haste for 100 gold pieces
  3879 | D        | Bought a potion of haste for 110 gold pieces
  3879 | D        | Bought a potion of heal wounds for 55 gold pieces
  3882 | D        | Bought a scroll of enchant armour for 97 gold pieces
  3882 | D        | Acquired 894 gold pieces
  3884 | D        | Bought a scroll of acquirement for 676 gold pieces
  4143 | D        | Noticed a fire dragon
  4150 | D        | Killed a fire dragon
  4150 | D        | Received a gift from Trog
  4194 | D        | Noticed a yaktaur captain
  4231 | D        | Killed a yaktaur captain
  4304 | D        | Noticed a storm dragon
  4313 | D        | Noticed a great orb of eyes
  4317 | D        | a great orb of eyes changed into a fire dragon
  4317 | D        | Noticed a fire dragon (glowing shapeshifter)
  4324 | D        | Killed a fire dragon
  4443 | D        | Noticed Chuck
  4512 | D        | Received a gift from Trog
  4599 | D        | Noticed an ancient lich
  4686 | D        | Noticed Frederick
  4693 | D        | Gained mutation: Your large and strong wings let you fly.
                  | [Gargoyle growth]
  4693 | D        | Reached XP level 14. HP: 112/112 MP: 14/14
  4701 | D        | Killed Frederick
  4754 | D        | Killed Chuck
  4837 | D        | Reached skill level 5 in Shields
  4841 | D        | Noticed a lich
  4848 | D        | Killed a lich
  4848 | D        | Received a gift from Trog
  4856 | D        | Noticed a shadow dragon
  4856 | D        | Noticed a shadow dragon
  4883 | D        | Killed a shadow dragon
  4884 | D        | Reached skill level 10 in Shields
  4891 | D        | Killed a shadow dragon
  4891 | D        | Received a gift from Trog
  5026 | D        | Noticed a stone giant
  5026 | D        | Noticed a quicksilver dragon
  5026 | D        | Noticed a golden dragon
  5026 | D        | Noticed a golden dragon
  5026 | D        | Noticed a frost giant
  5026 | D        | Noticed a quicksilver dragon
  5026 | D        | Noticed a shadow dragon
  5073 | D        | Received a gift from Trog
  5261 | D        | Received a gift from Trog
  5262 | D        | Reached skill level 15 in Shields
  5279 | D        | Killed a golden dragon
  5281 | D        | Killed a shadow dragon
  5418 | D        | Killed a quicksilver dragon
  5484 | D        | Killed a quicksilver dragon
  5489 | D        | Killed a stone giant
  5489 | D        | Received a gift from Trog
  5705 | D        | Noticed a titan
  5712 | D        | Killed a titan
  5713 | D        | Reached skill level 27 in Unarmed Combat
  5740 | D        | Received a gift from Trog
  5795 | D        | Reached XP level 15. HP: 118/118 MP: 15/15
  5798 | D        | Killed a golden dragon
  5849 | D        | Received a gift from Trog
  5853 | D        | Identified the ring "Syzesch" {rF++ rC+ rCorr Int+2 Dex-5}
  5892 | D        | Killed a frost giant
  5892 | D        | Received a gift from Trog
  5968 | D        | Got a silver rune of Zot
  5981 | D        | Acquired 636 gold pieces
  5982 | D        | Acquired the scarf of Burning the Good {shadows, rC+ Will+
                  | Dex+3}
  6371 | D        | Identified the ring "Biup" {Str+3 SInv}
  6371 | D        | Noticed a deep elf master archer
  6379 | D        | Killed a deep elf master archer
  6380 | D        | Reached skill level 5 in Shapeshifting
  6390 | D        | Received a gift from Trog
  6402 | D        | Identified the ring "Yveqeuni" {rPois rN+ AC+4 Str-3}
  6630 | D        | Noticed Azrael
  6636 | D        | Killed Azrael
  6640 | D        | Acquired a manual of Shields
  7104 | D        | Received a gift from Trog
  7159 | D        | Reached skill level 10 in Shapeshifting
  7259 | D        | Received a gift from Trog
  7296 | D        | Noticed a nagaraja
  7312 | D        | Killed a nagaraja
  7318 | D        | Found Maemn's Antique Armour Boutique.
  7318 | D        | Found Girauf's Book Emporium.
  7325 | D        | Found Remnoas's Magic Scroll Shop.
  7343 | D        | Identified the +3 bardiche of Zoda {antimagic, rC+ rN+
                  | Stlth+} (Trog gifted it to you in the Dungeon)
  7343 | D        | Received a gift from Trog
  7348 | D        | Got a serpentine rune of Zot
  7466 | D        | Noticed a kraken
  7482 | D        | Killed a kraken
  7569 | D        | Found Vuseeth's Jewellery Shop.
  7569 | D        | Found Boexonaz's Magic Scroll Emporium.
  7569 | D        | Found Yjeut's Antique Armour Boutique.
  7604 | D        | Got a barnacled rune of Zot
  7694 | D        | Bought a glowing helmet for 180 gold pieces
  7696 | D        | Bought a runed plate armour for 624 gold pieces
  7696 | D        | Bought a runed plate armour for 624 gold pieces
  7712 | D        | Bought a scroll of acquirement for 572 gold pieces
  7712 | D        | Acquired 489 gold pieces
  7714 | D        | Bought a scroll of blinking for 82 gold pieces
  7714 | D        | Bought a scroll of enchant armour for 82 gold pieces
  7810 | D        | Noticed Nellie
  7840 | D        | Killed Nellie
  7971 | D        | Got a demonic rune of Zot
  8154 | D        | Received a gift from Trog
  8205 | D        | Noticed Mara
  8243 | D        | Identified the +5 dagger of Doysuv {flame, *Slow rF+++
                  | rCorr Stlth+} (Trog gifted it to you in the Dungeon)
  8243 | D        | Received a gift from Trog
  8244 | D        | Reached XP level 16. HP: 95/129 MP: 10/16
  8248 | D        | Noticed Midn8's illusion
  8262 | D        | Killed Mara
  8689 | D        | Noticed an ancient champion
  8692 | D        | Killed an ancient champion
  8692 | D        | Received a gift from Trog
  8693 | D        | Reached skill level 15 in Shapeshifting
  8693 | D        | Identified the +3 leather armour of the Blind Marksman {rN+
                  | Int+10 Slay-3}
  8699 | D        | Noticed a deep elf blademaster
  8739 | D        | Killed a deep elf blademaster
  8765 | D        | Noticed a deep elf blademaster
  8832 | D        | Killed a deep elf blademaster
  8854 | D        | Noticed Nikola
  8854 | D        | Noticed a storm dragon
  8862 | D        | Killed a storm dragon
  8879 | D        | Received a gift from Trog
  8893 | D        | Killed Nikola
  8976 | D        | Noticed an Executioner
  8984 | D        | Killed an Executioner
  8984 | D        | Received a gift from Trog
  9199 | D        | Noticed a deep elf blademaster
  9246 | D        | Killed a deep elf blademaster
  9247 | D        | Noticed Boris
  9257 | D        | Killed Boris
  9257 | D        | Received a gift from Trog
  9427 | D        | Found Soru's Distillery.
  9427 | D        | Found Ticilini's Armour Shop.
  9427 | D        | Found Uruxucy's Distillery.
  9427 | D        | Found Yfyat's Armour Emporium.
  9431 | D        | Noticed Roxanne
  9449 | D        | Bought a potion of cancellation for 96 gold pieces
  9477 | D        | Killed Roxanne
  9477 | D        | Received a gift from Trog
  9504 | D        | Received a gift from Trog
  9531 | D        | Found Gerphiqips's Distillery.
  9535 | D        | Received a gift from Trog
  9588 | D        | Noticed Nessos
  9596 | D        | Killed Nessos
  9699 | D        | Noticed Mennas
  9722 | D        | Killed Mennas
  9722 | D        | Received a gift from Trog
 10297 | D        | Noticed an acid blob
 10305 | D        | Killed an acid blob
 10342 | D        | Found a viscous altar of Jiyva.
 10342 | D        | Noticed the Royal Jelly
 10354 | D        | Noticed an azure jelly
 10354 | D        | Noticed a rockslime
 10354 | D        | Noticed a rockslime
 10354 | D        | Noticed an acid blob
 10355 | D        | Noticed a rockslime
 10358 | D        | Killed an azure jelly
 10359 | D        | Killed an acid blob
 10360 | D        | Killed a rockslime
 10364 | D        | Killed a rockslime
 10365 | D        | Killed a rockslime
 10365 | D        | Noticed an azure jelly
 10365 | D        | Noticed a rockslime
 10371 | D        | Killed a rockslime
 10371 | D        | Noticed an azure jelly
 10371 | D        | Killed an azure jelly
 10374 | D        | Killed an azure jelly
 10376 | D        | Noticed an acid blob
 10377 | D        | Noticed a rockslime
 10380 | D        | Noticed an acid blob
 10380 | D        | Noticed an acid blob
 10381 | D        | Noticed an acid blob
 10381 | D        | Killed a rockslime
 10384 | D        | Killed an acid blob
 10386 | D        | Noticed an azure jelly
 10389 | D        | Killed an acid blob
 10392 | D        | Killed the Royal Jelly
 10392 | D        | Noticed an azure jelly
 10392 | D        | Noticed an acid blob
 10393 | D        | Reached XP level 17. HP: 29/138 MP: 5/17
 10395 | D        | Killed an acid blob
 10395 | D        | Killed an acid blob
 10398 | D        | Killed an acid blob
 10662 | D        | Received a gift from Trog
 10679 | D        | Got a slimy rune of Zot
 10811 | D        | Noticed Geryon
 10832 | D        | Reached skill level 27 in Fighting
 10941 | D        | Received a gift from Trog
 10953 | D        | Killed Geryon
 11188 | D        | Noticed a royal mummy
 11192 | D        | Killed a royal mummy
 11199 | D        | Received a gift from Trog
 11232 | D        | Noticed Gloorx Vloq
 11239 | D        | Noticed an Executioner
 11239 | D        | Noticed an Executioner
 11241 | D        | Noticed an Executioner
 11247 | D        | Killed Gloorx Vloq
 11354 | D        | Noticed a royal mummy
 11360 | D        | Killed a royal mummy
 11360 | D        | Received a gift from Trog
 11425 | D        | Noticed a royal mummy
 11433 | D        | Killed a royal mummy
 11433 | D        | Received a gift from Trog
 11434 | D        | Reached skill level 27 in Shields
 11498 | D        | Received a gift from Trog
 11508 | D        | Reached skill level 15 in Evocations
 11513 | D        | Received a gift from Trog
 11603 | D        | Identified the ring of Summertime {rElec MP+9 Stlth+}
 11606 | D        | Noticed a royal mummy
 11622 | D        | Noticed Murray
 11633 | D        | Killed Murray
 11638 | D        | Noticed a royal mummy
 11639 | D        | Killed a royal mummy
 11656 | D        | Killed a royal mummy
 11656 | D        | Received a gift from Trog
 11673 | D        | Got a bone rune of Zot
 11707 | D        | Noticed the Serpent of Hell
 11710 | D        | Noticed a Brimstone Fiend
 11711 | D        | Noticed a golden dragon
 11732 | D        | Killed the Serpent of Hell
 11735 | D        | Killed a Brimstone Fiend
 11749 | D        | Received a gift from Trog
 11758 | D        | Reached skill level 15 in Armour
 11760 | D        | Identified the ring of Beogh's Indignation {rC+ Will- rCorr
                  | Str+3}
 11765 | D        | Identified the +5 longbow "Newt's Death Toll" {heavy,
                  | Fragile +Blink Int+3 Dex+2}
 11771 | D        | Identified the +0 rapier "Foroq" {venom, rC- Str+4}
 11772 | D        | Identified the +0 pair of gloves of Servitude {Rampage rF-
                  | Dex-5 Slay+5}
 11775 | D        | Got an obsidian rune of Zot
 11819 | D        | Noticed an iron giant
 11827 | D        | Reached XP level 18. HP: 141/145 MP: 16/18
 11844 | D        | Received a gift from Trog
 11850 | D        | Killed an iron giant
 11941 | D        | Found the dreamshard necklace {Acrobat *Dream}
 11942 | D        | Noticed a Hell Sentinel
 11942 | D        | Noticed a Hell Sentinel
 11942 | D        | Noticed Dispater
 11943 | D        | Noticed a Hell Sentinel
 11952 | D        | Killed a Hell Sentinel
 11975 | D        | Noticed a Hell Sentinel
 11978 | D        | Killed Dispater
 11985 | D        | Killed a Hell Sentinel
 11986 | D        | Reached skill level 10 in Dodging
 12227 | D        | Identified the +7 battleaxe "Tonoyn" {elec, Fly MP+9 Int-5
                  | Dex+5}
 12246 | D        | Identified the +4 falchion of Qill {spect, rPois}
 12250 | D        | Got an iron rune of Zot
 12287 | D        | Found the +3 Mad Mage's Maulers {Infuse+∞ VampMP -Cast}
 12288 | D        | Noticed a Hell Sentinel
 12298 | D        | Killed a Hell Sentinel
 12302 | D        | Identified the +1 kite shield of the Devil's Team {rElec
                  | rF+++ Dex-2}
 12344 | D        | Noticed an Ice Fiend
 12349 | D        | Killed an Ice Fiend
 12351 | D        | Identified the staff of Imbalance {rPois Will- Dex+4 Earth}
 12448 | D        | Noticed Antaeus
 12455 | D        | Identified the +1 quarterstaff of Annoyance {heavy, Str+3}
                  | (Trog gifted it to you in the Dungeon)
 12455 | D        | Received a gift from Trog
 12537 | D        | Killed Antaeus
 12821 | D        | Got an icy rune of Zot
 12824 | D        | Noticed an Ice Fiend
 12830 | D        | Killed an Ice Fiend
 12930 | D        | Noticed an Ice Fiend
 12934 | D        | Killed an Ice Fiend
 13038 | D        | Noticed an Ice Fiend
 13042 | D        | Killed an Ice Fiend
 13152 | D        | Noticed an Ice Fiend
 13155 | D        | Killed an Ice Fiend
 13155 | D        | Received a gift from Trog
 13372 | D        | Received a gift from Trog
 13522 | D        | Received a gift from Trog
 13594 | D        | Noticed a royal mummy
 13594 | D        | Noticed a royal mummy
 13595 | D        | Received a gift from Trog
 13602 | D        | Killed a royal mummy
 13608 | D        | Killed a royal mummy
 13608 | D        | Received a gift from Trog
 13613 | D        | Got a golden rune of Zot
 13621 | D        | Acquired a manual of Dodging
 13623 | D        | Acquired 783 gold pieces
 13625 | D        | Acquired 713 gold pieces
 13627 | D        | Acquired 455 gold pieces
 13629 | D        | Acquired 774 gold pieces
 13904 | D        | Reached skill level 27 in Evocations
 13905 | D        | Received a gift from Trog
 14008 | D        | Noticed a Killer Klown
 14018 | D        | Killed a Killer Klown
 14095 | D        | Noticed an Orb Guardian
 14095 | D        | Noticed an Orb Guardian
 14098 | D        | Reached skill level 15 in Dodging
 14100 | D        | Killed an Orb Guardian
 14101 | D        | Received a gift from Trog
 14105 | D        | Killed an Orb Guardian
 14106 | D        | Reached XP level 19. HP: 151/151 MP: 3/19
 14205 | D        | Noticed an ancient lich
 14210 | D        | Killed an ancient lich
 14328 | D        | Noticed an electric golem
 14338 | D        | Killed an electric golem
 14344 | D        | Received a gift from Trog
 14471 | D        | Found the +4 dragonskin cloak
 14471 | D        | Noticed Tiamat
 14510 | D        | Killed Tiamat
 14715 | D        | Noticed an orb of fire
 14723 | D        | Killed an orb of fire
 14723 | D        | Received a gift from Trog
 14842 | D        | Got the Orb of Zot
 14903 | D        | Noticed Teodon the pandemonium lord
 14910 | D        | Killed Teodon the pandemonium lord
 14950 | D        | Noticed an Ice Fiend
 14955 | D        | Killed an Ice Fiend
 15069 | D        | Escaped with the Orb!

Illustrated notes

Levels and vault maps discovered:
D:        dungeon_sprint_mu [sprint_mu_entry_cave, sprint_mu_temple_rooms,
          sprint_mu_d1_horrors, sprint_mu_d2_genie, sprint_mu_d3_branching,
          sprint_mu_orc_legion, sprint_mu_elf_gauntlet, sprint_mu_hive_nellie,
          sprint_mu_lair_fedhas, sprint_mu_vaults_butterflies,
          sprint_mu_slime_circle, sprint_mu_shoals_kraken,
          sprint_mu_snake_twists, sprint_mu_blade_basic, sprint_mu_crypt_lich,
          sprint_mu_tomb_spiral, sprint_mu_vestibule_basic,
          sprint_mu_gehenna_hellfire, sprint_mu_dis_giant,
          sprint_mu_tartarus_statrot, sprint_mu_cocytus_islands, sprint_mu_zot1]

Skill      XL: |  1  2  3  4  5  6  7  8  9 10 11 12 13 14 15 16 17 18 19 |
---------------+----------------------------------------------------------+-----
Unarmed Combat | 8 10 11 14 16 17 19 21 24 26 27 | 27.0
Fighting       | 4 5 8 11 12 14 17 19 22 25 26 27 | 27.0
Evocations     | 6 9 11 20 27 | 27.0
Armour         | 10 12 16 20 | 20.0
Dodging        | 5 17 22 | 22.5
Throwing       | 4 6 |  6.0
Shields        | 18 27 | 27.0
Shapeshifting  | 13 21 | 21.0

Action                     |  1- 3 |  4- 6 |  7- 9 | 10-12 | 13-15 | 16-18 | 19-21 || total
---------------------------+-------+-------+-------+-------+-------+-------+-------++-------
  Melee: Unarmed           |    19 |    34 |    62 |   282 |   616 |   722 |    60 ||  1795
         Punch             |     1 |       |     4 |    24 |    11 |       |       ||    40
 Invoke: Berserk           |     1 |     1 |     3 |     8 |    10 |       |       ||    23
         Trog's Hand       |       |       |       |       |     3 |     1 |       ||     4
         Brothers in Arms  |       |       |       |       |     1 |       |       ||     1
Ability: Begin Untransform |       |       |       |       |       |     1 |       ||     1
  Evoke: Wand              |       |       |     1 |     1 |     3 |     8 |     1 ||    14
         Lightning rod     |       |       |       |       |       |     5 |       ||     5
         Tin of tremorston |       |       |       |       |       |     6 |       ||     6
         Box of beasts     |       |       |       |       |       |     2 |     1 ||     3
         Phantom mirror    |       |       |       |       |       |     1 |       ||     1
    Use: Potion            |       |     1 |       |       |     3 |     1 |       ||     5
         Scroll            |       |       |       |     5 |    18 |    13 |     1 ||    37
   Stab: Distracted        |       |       |       |       |       |     1 |       ||     1
 Armour: Animal skin       |     2 |     1 |       |       |       |       |       ||     3
         Ring mail         |       |     2 |    14 |       |       |       |       ||    16
         Plate armour      |       |       |       |   155 |   218 |   277 |    18 ||   668
  Dodge: Dodged            |    12 |    11 |    12 |    83 |   103 |   105 |    17 ||   343
  Block: Buckler           |       |       |       |       |    10 |       |       ||    10
         Kite shield       |       |       |       |       |    17 |       |       ||    17
         Tower shield      |       |       |       |       |   219 |   444 |    30 ||   693
         Reflection        |       |       |       |       |    10 |    27 |       ||    37
   Form: Death             |       |       |       |       |       |     4 |       ||     4
                           |       |       |       |       |       |     2 |       ||     2

Table legend: (Time is in decaauts) A = Elapsed time spent in this place. B = Non-inter-level travel time spent in this place. C = Inter-level travel time spent in this place. D = Time resting spent in this place. E = Time spent auto-exploring this place. F = Levels seen in this place. G = Mean time per level. A B C D E F G +--------+--------+--------+--------+--------+-----+--------+ Total | 14538 | 12892 | 1646 | 8438 | 207 | 1 | 14538.0 | Dungeon | 14538 | 12892 | 1646 | 8438 | 207 | 1 | 14538.0 | +--------+--------+--------+--------+--------+-----+--------+

Top non-repeatable levels by time:
       D: 14538 daAuts
